 Dungeon Crawl Stone Soup version 0.30-a0-219-gf2db51d15e (webtiles) character file.

Game seed: 14002578094796702038

645 gzilladon the Covered (level 7, -5/43 HPs)
             Began as a Gargoyle Fighter on Oct 7, 2022.
             Slain by an iguana (11 damage)
             ... on level 5 of the Dungeon.
             The game lasted 00:13:06 (3755 turns).

gzilladon the Covered (Gargoyle Fighter)            Turns: 3755, Time: 00:13:07

Health: -5/43      AC: 16    Str: 21    XL:     7   Next: 52%
Magic:  7/7        EV:  7    Int:  9    God:
Gold:   218        SH:  4    Dex:  9    Spells: 6/6 levels left

rFire   . . .      SeeInvis .    q - +0 hand axe (flame)
rCold   . . .      Faith    .    c - +0 buckler
rNeg    + . .      Spirit   .    y - +0 chain mail
rPois   ∞          Reflect  .    j - +0 helmet
rElec   +          Harm     .    (no cloak)
rCorr   .          Rampage  .    (no gloves)
Will    .....                    (no boots)
Stlth   ..........               (no amulet)
HPRegen 0.27/turn                (no ring)
MPRegen 0.10/turn                (no ring)

@: no status effects
A: sickness immunity, AC +4, negative energy resistance 1, electricity
resistance, torment resistance 1, petrification resistance
a: no special abilities


You were on level 5 of the Dungeon.
You visited 1 branch of the dungeon, and saw 5 of its levels.

You collected 218 gold pieces.

Inventory:

Hand Weapons
 a - a +0 war axe
 k - a +0 dagger of draining
 q - a +0 hand axe of flaming (weapon)
Missiles
 l - 36 stones (quivered)
 A - 2 atropa-tipped darts
Armour
 b - a +0 scale mail
 c - a +0 buckler (worn)
 j - a +0 helmet (worn)
 y - a +0 chain mail (worn)
Jewellery
 B - a +6 ring of intelligence
Wands
 d - a wand of flame (5)
 u - a wand of mindburst (20)
Scrolls
 e - 4 scrolls of summoning {unknown}
 g - 7 scrolls of identify {unknown}
 h - a scroll of enchant armour {unknown}
 i - a scroll of enchant weapon {unknown}
 o - a scroll of vulnerability {unknown}
 s - a scroll of noise {unknown}
 t - a scroll of fog {unknown}
 x - a scroll of teleportation {unknown}
Potions
 f - 4 potions of curing {unknown}
 m - a potion of attraction {unknown}
 n - a potion of invisibility {unknown}
 p - 3 potions of lignification {unknown}
 r - a potion of haste {unknown}
 v - a potion of berserk rage {unknown}
 w - a potion of mutation {unknown}
 z - a potion of heal wounds {unknown}


   Skills:
 + Level 4.3 Fighting
 + Level 4.7 Axes
 * Level 6.1 Armour
 + Level 1.0 Dodging
 + Level 1.1 Stealth
 + Level 4.2 Shields


You had 6 spell levels left.
You didn't know any spells.
Your spell library contained the following spells:

 Spells                   Type           Power      Damage    Failure   Level
 Ensorcelled Hibernation  Hex/Ice        0%         N/A       100%        2
 Spider Form              Tmut/Pois      0%         N/A       100%        3
 Anguish                  Hex/Necr       0%         N/A       100%        4


Dungeon Overview and Level Annotations

Branches:
Dungeon (5/15)
 Temple: D:4-7

Altars:
Dithmenos
Fedhas
Ru


Innate Abilities, Weirdness & Mutations

You are immune to sickness and miasma.
Your stone body is resilient. (AC +4)
You are immune to poison.
You resist negative energy. (rN+)
You are resistant to electric shocks. (rElec)
You are resistant to unholy torment.
You are immune to petrification.


Message History

You hit the quokka. You burn the quokka.
You kill the quokka!
You see here an iguana corpse.
You hit the iguana but do no damage. The iguana barely misses you.
The iguana bites you.
You hit the iguana but do no damage. The iguana bites you!
You barely miss the iguana. You hit the adder. You burn the adder.
The adder bites you but does no damage. The iguana bites you!
* * * LOW HITPOINT WARNING * * *
You barely miss the iguana. You miss the adder. The adder barely misses you.
The iguana barely misses you. The adder barely misses you.
You hit the adder but do no damage.
The adder is moderately wounded.
You hit the iguana but do no damage. The adder bites you but does no damage.
The iguana bites you but does no damage.
You hit the adder. You burn the adder.
The adder is almost dead.
You closely miss the iguana. You block the adder's attack.
The iguana hisses menacingly.
You block the iguana's attack. The adder bites you but does no damage.
You closely miss the adder.
The adder is almost dead.
You hit the iguana but do no damage. The iguana completely misses you.
The adder barely misses you.
The iguana bites you but does no damage.
The adder barely misses you.
You hit the adder. You burn the adder.
You kill the adder!
You closely miss the iguana. The iguana barely misses you.
You hit the iguana. You burn the iguana.
The iguana is moderately wounded.
The iguana misses you.
You hit the iguana but do no damage.
The iguana is lightly wounded.
The iguana bites you.
* * * LOW HITPOINT WARNING * * *
You hit the iguana. You burn the iguana.
The iguana is heavily wounded.
The iguana bites you!
You die...

.# ##...
...................#.
....
......>......##.##.#.
#...#.###..##......
#..........##.##.#.
#...#.####.##.##.#.
#### #...#.#
#.........
.....#...#.#
####.##.#. #.......#
#...##. #.#l@†###
#......
.............#
###.###
..!...#.####.# ##.##
......#.# ##..
......[.. ###
#.......# ####..#..
#.#


You could see an iguana.

Vanquished Creatures
  An ogre (D:5)
  A phantom (D:4)
  A scorpion (D:5)
  A howler monkey (D:5)
  2 hounds
  Jessica (D:2)
  2 iguanas
  Terence (D:2)
  2 orc wizards
  Robin (D:1)
  6 adders
  An ufetubus (D:4)
  2 worms (D:2)
  A dart slug (D:5)
  9 orcs
  8 bats
  7 endoplasms
  2 giant cockroaches
  19 goblins
  6 hobgoblins
  4 jackals (D:1)
  5 kobolds
  3 quokkas
  7 ball pythons
  3 frilled lizards
  3 rats
99 creatures vanquished.

Notes
Turn   | Place    | Note
-------+----------+-------------------------------------------
     0 | D:1      | gzilladon the Gargoyle Fighter began the quest for the Orb.
     0 | D:1      | Reached XP level 1. HP: 14/14 MP: 1/1
    16 | D:1      | Found a faded altar of an unknown god.
    53 | D:1      | Reached XP level 2. HP: 18/19 MP: 2/2
   418 | D:1      | Reached XP level 3. HP: 23/23 MP: 3/3
   557 | D:2      | Noticed Robin
   609 | D:1      | Killed Robin
   996 | D:2      | Noticed Jessica
   999 | D:2      | Killed Jessica
  1000 | D:2      | Reached skill level 4 in Armour
  1000 | D:2      | Reached XP level 4. HP: 28/28 MP: 4/4
  1098 | D:2      | Reached skill level 1 in Stealth
  1175 | D:2      | Noticed Terence
  1188 | D:2      | Killed Terence
  1189 | D:2      | Reached XP level 5. HP: 14/33 MP: 5/5
  2132 | D:3      | Found a blossoming altar of Fedhas.
  2458 | D:4      | Reached XP level 6. HP: 26/38 MP: 6/6
  2561 | D:4      | Found a shadowy altar of Dithmenos.
  3120 | D:4      | Found a sacrificial altar of Ru.
  3141 | D:4      | Reached skill level 5 in Armour
  3196 | D:5      | Entered Level 5 of the Dungeon
  3543 | D:5      | HP: 1/38 [scorpion (6)]
  3546 | D:5      | Reached XP level 7. HP: 2/43 MP: 7/7
  3548 | D:5      | Reached skill level 1 in Dodging
  3739 | D:5      | Reached skill level 6 in Armour
  3755 | D:5      | Slain by an iguana

Illustrated notes

Levels and vault maps discovered:
D:1:      mrwooster_arrival_statue_2, layout_basic, basic_ecumenical_altar
D:2:      layout_loops_ring, uniq_terence, uniq_jessica, uniq_robin
D:3:      layout_loops_ring, mainiacjoe_overflow_alcove_4
D:4:      layout_basic, nicolae_ru_path_of_blood, mainiacjoe_overflow_catwalk,
          chequers_serial_rivers_micro_b
D:5:      layout_loops_cross, enter_ossuary_1, uniq_pikel

Skill      XL: |  1  2  3  4  5  6  7 |
---------------+----------------------+-----
Axes           | 2 3 4 |  4.7
Armour         | 4 5 6 |  6.1
Stealth        | 1 |  1.1
Fighting       | 4 |  4.3
Shields        | 4 |  4.2
Dodging        | 1 |  1.0

Action                   |  1- 3 |  4- 6 |  7- 9 || total
-------------------------+-------+-------+-------++-------
Melee: War axe           |    92 |    32 |       ||   124
       Hand axe          |       |   201 |    23 ||   224
  Use: Potion            |       |     1 |       ||     1
Armor: Scale mail        |    79 |   110 |       ||   189
       Chain mail        |       |    54 |    13 ||    67
Dodge: Dodged            |    60 |   108 |    11 ||   179
Block: Buckler           |    22 |    51 |     5 ||    78

Table legend: (Time is in decaauts)
 A = Elapsed time spent in this place.
 B = Non-inter-level travel time spent in this place.
 C = Inter-level travel time spent in this place.
 D = Time resting spent in this place.
 E = Time spent auto-exploring this place.
 F = Levels seen in this place.
 G = Mean time per level.
                   A        B        C        D        E       F      G
               +--------+--------+--------+--------+--------+-----+--------+
         Total |   3846 |   3211 |    635 |    562 |      0 |   5 |  769.2 |
       Dungeon |   3846 |   3211 |    635 |    562 |      0 |   5 |  769.2 |
               +--------+--------+--------+--------+--------+-----+--------+

Top non-repeatable levels by time:
     D:4: 1036 daAuts
     D:2: 899 daAuts
     D:3: 841 daAuts
     D:1: 671 daAuts
     D:5: 398 daAuts
